 Dungeon Crawl Stone Soup version 0.32-a0-768-g0f6f1dd4b9 (webtiles) character file.

Game seed: 4625973389968983299

461 lunkers the Chopper (level 7, 0/52 HPs)
             Began as a Coglin Berserker on Mar 18, 2024.
             Was a Believer of Trog.
             Incinerated by a bombardier beetle (6 damage)
             ... with a burning spray
             ... on level 4 of the Dungeon.
             The game lasted 00:02:22 (1995 turns).

lunkers the Chopper (Coglin Berserker)              Turns: 1995, Time: 00:02:23

Health: 0/52       AC:  6    Str: 19    XL:     7   Next: 7%
Magic:  7/7        EV: 10    Int:  6    God:    Trog [**....]
Gold:   155        SH:  0    Dex: 14    Spells: 6/6 levels left

rFire   . . .        a - +0 hand axe {Kagemori}
rCold   . . .        c - +0 dagger {Nomusa}
rNeg    . . .        l - +0 ring mail
rPois   .            s - +0 helmet
rElec   .            (no cloak)
rCorr   .            (no gloves)
SInv    .            (no boots)
Will    ++...        (amulet unavailable)
Stlth   +            (ring unavailable)
HPRegen 1.28/turn    (ring unavailable)
MPRegen 0.10/turn    (no gizmo)

%: no passive effects
@: on fire, strong-willed, on berserk cooldown, regenerating, slowed, glowing,
revved, very slow
A: off-hand wielding, slow wielding, warmup strikes, no jewellery
a: Invent Gizmo, Renounce Religion, Berserk, Trog's Hand


You were on level 4 of the Dungeon.
You worshipped Trog.
Trog was pleased with you.
You visited 1 branch of the dungeon, and saw 4 of its levels.

You collected 155 gold pieces.

Inventory:

Hand Weapons
 a - a +0 hand axe (weapon) {Kagemori}
 c - a +0 dagger (offhand) {Nomusa}
Missiles
 e - 4 curare-tipped darts
Armour
 l - a +0 ring mail (worn)
 s - a +0 helmet (worn)
Scrolls
 f - 4 scrolls of identify {unknown}
 g - 5 scrolls of revelation {unknown}
 k - a scroll of poison {unknown}
 p - a scroll of fear {unknown}
 q - 3 scrolls of teleportation {unknown}
 r - a scroll of blinking {unknown}
Potions
 d - a potion of attraction {unknown}
 h - 2 potions of enlightenment {unknown}
 i - a potion of haste {unknown}
 j - 5 potions of curing {unknown}
 m - 2 potions of heal wounds {unknown}
 n - a potion of brilliance {unknown}
 o - 2 potions of berserk rage {unknown}


   Skills:
 - Level 3.0 Fighting
 + Level 7.8 Axes
 - Level 1.7 Armour
 - Level 1.7 Dodging


You had 6 spell levels left.
You didn't know any spells.
Your spell library was empty.

Dungeon Overview and Level Annotations

Branches:
Dungeon (4/15)
 Temple: D:4-7

Altars:


Innate Abilities, Weirdness & Mutations

You can wield a second weapon in your off-hand.
It takes a long time for you to wield or remove held weapons.
Your first few attacks do less damage.
You cannot equip rings or amulets.


Message History

* * * LOW HITPOINT WARNING * * *
The bombardier beetle bites you but does no damage.
You hit the bombardier beetle but do no damage.
You barely miss the bombardier beetle with your +0 hand axe.
The liquid fire burns you!
* * * LOW HITPOINT WARNING * * *
The bombardier beetle bites you but does no damage.
You hit the bombardier beetle but do no damage. x2
The liquid fire burns you!
* * * LOW HITPOINT WARNING * * *
The bombardier beetle sprays incendiary fluid at you.
The burning spray hits you.
You are even more covered in liquid fire!
Unknown command.
You hit the bombardier beetle with your +0 dagger.
The bombardier beetle is lightly wounded.
You hit the bombardier beetle with your +0 hand axe.
The liquid fire burns you!
* * * LOW HITPOINT WARNING * * *
The bombardier beetle sprays incendiary fluid at you.
The burning spray hits you.
You are even more covered in liquid fire!
Unknown command.
You aren't carrying any items that you can evoke.
Your skin crawls.
You feel strong-willed. The liquid fire burns you!
* * * LOW HITPOINT WARNING * * *
The bombardier beetle bites you but does no damage.
You hit the bombardier beetle with your +0 hand axe.
The bombardier beetle is heavily wounded.
You barely miss the bombardier beetle with your +0 dagger.
The liquid fire burns you!
* * * LOW HITPOINT WARNING * * *
The bombardier beetle barely misses you.
You barely miss the bombardier beetle with your +0 dagger.
The bombardier beetle is heavily wounded.
You hit the bombardier beetle but do no damage.
The liquid fire burns you!
You die...

..................# ..#
..................#...#
..................#...#
...............)†.'...#.
................).#...'.
................).###..~
#######+######+#......~§
..# #.....§~§ ..#
#@B...~§§ ..# #.....~~§
..# #......~§ ..#
#.......§ ### #.......#
..# #.......# .....
#.......# .... #.......#
....#


You could see a bombardier beetle.

Vanquished Creatures
  Grinder (D:3)
  2 hounds (D:4)
  An orc priest (D:4)
  Jessica (D:3)
  An orc wizard (D:4)
  Robin (D:3)
  6 adders
  A ribbon worm (D:2)
  A dart slug (D:2)
  6 orcs
  2 bats (D:2)
  2 endoplasms
  3 giant cockroaches
  13 goblins
  7 hobgoblins
  A jackal (D:2)
  A quokka (D:1)
  4 ball pythons
  A frilled lizard (D:2)
  4 kobolds
  3 rats
62 creatures vanquished.

Notes
Turn   | Place    | Note
-------+----------+-------------------------------------------
     0 | D:1      | lunkers the Coglin Berserker began the quest for the Orb.
     0 | D:1      | Reached XP level 1. HP: 18/18 MP: 1/1
    13 | D:1      | Found a faded altar of an unknown god.
   299 | D:1      | Reached XP level 2. HP: 22/24 MP: 2/2
   457 | D:2      | Reached skill level 4 in Axes
   548 | D:2      | Reached XP level 3. HP: 29/29 MP: 3/3
   901 | D:2      | Reached ** piety under Trog
   902 | D:2      | Reached XP level 4. HP: 35/35 MP: 4/4
  1010 | D:3      | Noticed Grinder
  1016 | D:3      | Paralysed by Grinder for 4 turns
  1023 | D:3      | Killed Grinder
  1024 | D:3      | Reached skill level 6 in Axes
  1024 | D:3      | Reached XP level 5. HP: 37/41 MP: 5/5
  1024 | D:3      | Reached XP level 6. HP: 42/47 MP: 6/6
  1143 | D:3      | Noticed Jessica
  1147 | D:3      | Killed Jessica
  1239 | D:3      | Reached skill level 7 in Axes
  1586 | D:3      | Noticed Robin
  1600 | D:3      | Killed Robin
  1978 | D:4      | Reached XP level 7. HP: 52/52 MP: 7/7
  1995 | D:4      | Incinerated by a bombardier beetle

Illustrated notes

Levels and vault maps discovered:
D:1:      lightli_arrival_lavapool, layout_rooms, basic_ecumenical_altar
D:2:      layout_basic, kennysheep_generic_room_9
D:3:      layout_loops_ring, uniq_grinder, uniq_jessica, uniq_robin
D:4:      layout_gridville, old_standard_altar, minmay_temple_entry_mist,
          uniq_edmund

Skill      XL: |  1  2  3  4  5  6 |
---------------+-------------------+-----
Axes           | 4 6 7 |  7.8
Fighting       | |  3.0
Armour         | |  1.7
Dodging        | |  1.7

Action                     |  1- 3 |  4- 6 |  7- 9 || total
---------------------------+-------+-------+-------++-------
  Melee: Hand axe          |    59 |    77 |    11 ||   147
         Dagger            |    52 |    68 |    10 ||   130
 Invoke: Berserk           |       |     3 |       ||     3
         Trog's Hand       |       |       |     1 ||     1
   Stab: Sleeping          |     1 |       |       ||     1
 Armour: Animal skin       |    12 |       |       ||    12
         Ring mail         |    24 |    51 |     7 ||    82
  Dodge: Dodged            |    35 |    43 |     1 ||    79

Table legend: (Time is in decaauts)
 A = Elapsed time spent in this place.
 B = Non-inter-level travel time spent in this place.
 C = Inter-level travel time spent in this place.
 D = Time resting spent in this place.
 E = Time spent auto-exploring this place.
 F = Levels seen in this place.
 G = Mean time per level.
                   A        B        C        D        E       F      G
               +--------+--------+--------+--------+--------+-----+--------+
         Total |   2009 |   1951 |     58 |     16 |   1560 |   4 |  502.2 |
       Dungeon |   2009 |   1951 |     58 |     16 |   1560 |   4 |  502.2 |
               +--------+--------+--------+--------+--------+-----+--------+

Top non-repeatable levels by time:
     D:3: 826 daAuts
     D:2: 647 daAuts
     D:1: 349 daAuts
     D:4: 184 daAuts
